 Dungeon Crawl Stone Soup version 0.18-a0-1211-g828307d (webtiles) character file.

10158 Lathuz the Fighter (level 11, -2/160 HPs)
             Began as a Minotaur Berserker on Feb 2, 2016.
             Was an Elder of Trog.
             Succumbed to a black mamba's poison
             ... on level 1 of the Lair of Beasts.
             The game lasted 00:27:25 (11837 turns).

Lathuz the Fighter (Minotaur Berserker)            Turns: 11837, Time: 00:27:25

Health: -2/160     AC: 15    Str: 26    XL:     11   Next: 32%
Magic:  10/10      EV: 11    Int:  4    God:    Trog [****..]
Gold:   78         SH:  0    Dex: 14    Spells: 0 memorised, 10 levels left

rFire  . . .     SeeInvis .     o - +1 executioner's axe (venom)
rCold  . . .     Gourm    .     F - +0 plate armour
rNeg   . . .     Faith    .     (shield currently unavailable)
rPois  +         Spirit   .     (helmet restricted)
rElec  .         Dismiss  .     (no cloak)
rCorr  .         Reflect  .     (no gloves)
SustAt .         Harm     .     r - +0 pair of boots
MR     +....                    (no amulet)
Stlth  ..........               J - ring of protection from magic
                                L - ring of poison resistance

@: berserking, lethally poisoned (-2 -> -20), very quick, somewhat resistant to
hostile enchantments, extremely unstealthy
A: retaliatory headbutt, horns 2
a: Berserk, Trog's Hand, Brothers in Arms, Burn Spellbooks, Renounce Religion


You were on level 1 of the Lair of Beasts.
You worshipped Trog.
Trog was greatly pleased with you.
You were not hungry.

You visited 2 branches of the dungeon, and saw 12 of its levels.
You also visited: Ossuary.

You collected 573 gold pieces.
You spent 495 gold pieces at shops.

Inventory:

Hand Weapons
 g - a +2 hand axe of venom
 o - a +1 executioner's axe of venom (weapon)
Missiles
 k - 182 stones (quivered)
 y - 3 silver javelins
Armour
 r - a +0 pair of boots (worn)
 F - a +0 plate armour (worn)
Jewellery
 i - a +2 ring of intelligence
 t - an uncursed ring of flight
 J - a ring of protection from magic (right hand)
 K - an uncursed amulet of magic regeneration
 L - a ring of poison resistance (left hand)
Wands
 C - a wand of digging (5/24)
 N - a wand of random effects (24/48)
 R - a wand of paralysis (18/24)
 T - a wand of digging (9/24)
Scrolls
 a - 3 scrolls of magic mapping
 e - a scroll of teleportation {unknown}
 h - 9 scrolls of remove curse
 l - 2 scrolls of enchant armour {unknown}
 s - 5 scrolls of recharging {unknown}
 u - 2 scrolls of random uselessness {unknown}
 G - a scroll of blinking {unknown}
 I - a scroll of brand weapon {unknown}
 M - a scroll of enchant weapon {unknown}
 Q - a scroll of fear {unknown}
 S - a scroll of vulnerability {unknown}
 U - a scroll of noise {unknown}
Potions
 b - 3 potions of might {unknown}
 d - 4 potions of invisibility
 j - a potion of ambrosia {unknown}
 m - 4 potions of agility
 n - a potion of heal wounds {unknown}
 q - a potion of haste
 v - 4 potions of cancellation
 w - 4 potions of curing
 x - 5 potions of magic
 B - a potion of berserk rage
 D - a potion of beneficial mutation {unknown}
 E - a potion of poison {unknown}
Books
 f - an Akashic Record

   Spells                             Type                      Level
   a - Dispersal                      Translocation                6
   b - Malign Gateway                 Summoning/Translocation      7
   c - Disjunction                    Translocation                8
   d - Controlled Blink               Translocation                8
   Trog disapproves of the use of such an item.
Comestibles
 c - 8 bread rations
 p - 4 meat rations
 z - 5 beef jerkies
 A - a royal jelly
 H - 2 slices of pizza
 O - 17 fruits
 P - 18 chunks of flesh


   Skills:
 * Level 13.0 Fighting
 - Level 12.0 Axes
 + Level 9.3 Armour
 + Level 8.4 Dodging


You had 10 spell levels left.
You didn't know any spells.

Dungeon Overview and Level Annotations

Branches:
Dungeon (11/15)            Temple (0/1) D:5            Lair (1/8) D:8
    Orc: D:9-12

Altars:
Elyvilon
Fedhas
Qazlal
Ru
Sif Muna
Vehumet
Xom
Yredelemnul
Zin

Shops:
D:9 =   D:10 (


Innate Abilities, Weirdness & Mutations

You reflexively headbutt those who attack you in melee.
You have a pair of horns on your head.


Message History

The black mamba is moderately wounded.
You feel sick. The black mamba completely misses you.
The black mamba bites you.
* * * LOW HITPOINT WARNING * * *
You closely miss the black mamba.
You headbutt the black mamba, but do no damage.
The black mamba is moderately wounded.
The black mamba bites you but does no damage.
The black mamba bites you.
* * * LOW HITPOINT WARNING * * *
You are lethally poisoned!
The black mamba poisons you!
You hit the black mamba. You headbutt the black mamba!
The black mamba is severely wounded.
* * * LOW HITPOINT WARNING * * *
You feel sick.
The black mamba bites you but does no damage.
You miss the black mamba. Your headbutt misses the black mamba.
The black mamba is severely wounded.
You die...

.................#
##...............##
.#...#####...##.†.#
.....#...........##
.#...#...........##
.#...#........#..P#
.P...#........#..##
.....#........#.÷##
.+...#........#.@.#
.#.. ######+..#S.##
........# ........#
........# ........#
........# ........#
........#


You could see a black mamba.

Vanquished Creatures
  A hill giant (D:10)
  An ugly thing (D:9)
  2 spiny frogs (Lair:1)
  A gargoyle (D:10)
  A komodo dragon (D:8)
  3 blink frogs (Lair:1)
  Prince Ribbit (D:9)
  A wraith (D:8)
  10 yaks
  3 hippogriffs
  3 orc warriors
  3 sky beasts
  3 ice beasts
  A black bear (D:10)
  A phantom (D:9)
  7 centaurs
  5 ogres
  A big kobold (D:9)
  9 giant frogs
  3 water moccasin zombies (Ossuary)
  A water moccasin skeleton (D:10)
  2 scorpions (D:7)
  9 killer bees
  6 wights
  3 bog bodies (Ossuary)
  3 crimson imps
  4 centaur zombies (Ossuary)
  A quasit (D:6)
  3 giant frog zombies (Ossuary)
  A jelly (D:10)
  3 orc priests
  5 orc wizards
  2 giant frog skeletons
  7 hounds
  5 iguanas
  Jessica (D:2)
  2 centaur skeletons
  3 worker ants
  A killer bee zombie (Ossuary)
  2 hound zombies
  9 mummies (Ossuary)
  4 worker ant zombies
  Robin (D:2)
  11 adders
  2 shadow imps
  4 adder zombies
  4 worms
  An adder skeleton (D:6)
  5 giant geckos
  22 orcs
  9 giant cockroaches
  17 goblins
  6 hobgoblins
  11 jackals
  15 kobolds
  5 quokkas
  A ball python (D:5)
  9 bats
  A giant cockroach zombie (Ossuary)
  A giant gecko zombie (Ossuary)
  3 giant newts
  A jackal zombie (Ossuary)
  A quokka skeleton (D:5)
  2 quokka zombies (Ossuary)
  6 rats
  A withered plant (Ossuary)
276 creatures vanquished.

Vanquished Creatures (collateral kills)
  A troll (D:9)
1 creature vanquished.

Vanquished Creatures (others)
  13 plants (D:8)
  A withered plant (Ossuary)
14 creatures vanquished.

Grand Total: 291 creatures vanquished

Notes
Turn   | Place    | Note
--------------------------------------------------------------
     0 | D:1      | Lathuz the Minotaur Berserker began the quest for the Orb.
     0 | D:1      | Reached XP level 1. HP: 19/19 MP: 0/0
   113 | D:1      | Reached skill level 4 in Axes
   207 | D:1      | Reached XP level 2. HP: 26/26 MP: 1/1
   587 | D:1      | Reached ** piety under Trog
   649 | D:1      | Reached skill level 5 in Axes
   973 | D:2      | Reached XP level 3. HP: 31/31 MP: 2/2
  1487 | D:2      | Found a basalt altar of Yredelemnul.
  1625 | D:2      | Reached XP level 4. HP: 39/39 MP: 3/3
  1640 | D:2      | Noticed Robin
  1644 | D:2      | Reached skill level 6 in Axes
  1648 | D:2      | Killed Robin
  1864 | D:2      | Noticed Jessica
  1868 | D:2      | Killed Jessica
  2424 | D:3      | Reached XP level 5. HP: 43/45 MP: 4/4
  2530 | D:3      | Reached skill level 7 in Axes
  2594 | D:3      | Reached *** piety under Trog
  2760 | D:3      | Reached skill level 8 in Axes
  2799 | D:3      | Reached XP level 6. HP: 41/51 MP: 5/5
  2917 | D:3      | Noticed a water elemental
  2919 | D:3      | Found a stormy altar of Qazlal.
  2920 | D:3      | Noticed a fire elemental
  2920 | D:3      | Noticed an air elemental
  3129 | D:4      | Received a gift from Trog
  3193 | D:4      | Found a sand-covered staircase.
  3220 | Ossuary  | Entered an ossuary
  3232 | Ossuary  | Reached skill level 9 in Axes
  3308 | Ossuary  | Reached XP level 7. HP: 57/57 MP: 6/6
  3329 | Ossuary  | Reached skill level 10 in Axes
  3829 | Ossuary  | Reached skill level 11 in Axes
  3908 | Ossuary  | Reached XP level 8. HP: 50/64 MP: 7/7
  4380 | D:4      | Found a shimmering altar of Xom.
  4697 | D:5      | Entered Level 5 of the Dungeon
  4716 | D:5      | Found a staircase to the Ecumenical Temple.
  4735 | D:5      | Reached skill level 12 in Axes
  5581 | D:5      | Reached skill level 5 in Fighting
  6014 | D:6      | Found a white marble altar of Elyvilon.
  6159 | D:6      | Found a glowing silver altar of Zin.
  6162 | D:6      | Found a radiant altar of Vehumet.
  6649 | D:7      | Reached XP level 9. HP: 78/78 MP: 8/8
  7400 | D:8      | Found a deep blue altar of Sif Muna.
  7435 | D:8      | Reached skill level 5 in Armour
  7687 | D:8      | Reached **** piety under Trog
  7728 | D:8      | Noticed a komodo dragon
  7729 | D:8      | Found a staircase to the Lair.
  7741 | D:8      | Killed a komodo dragon
  7741 | D:8      | Reached skill level 5 in Dodging
  8018 | D:8      | Found a sacrificial altar of Ru.
  8774 | D:9      | Found Idub's Jewellery Shop.
  8789 | D:9      | Reached XP level 10. HP: 76/93 MP: 9/9
  8792 | D:9      | Reached skill level 10 in Fighting
  8803 | D:9      | Bought an uncursed ring of protection from magic for 275 gold pieces
  9121 | D:9      | Found a shimmering altar of Xom.
  9195 | D:9      | Reached ***** piety under Trog
  9263 | D:9      | Noticed Prince Ribbit
  9276 | D:9      | Killed Prince Ribbit
  9507 | D:9      | Received a gift from Trog
  9762 | D:10     | Entered Level 10 of the Dungeon
  9762 | D:10     | Noticed a hill giant
  9770 | D:10     | Killed a hill giant
  9900 | D:9      | Bought an uncursed ring of poison resistance for 220 gold pieces
 10184 | D:10     | Found Ezxezalu's Weapon Emporium.
 10443 | D:10     | Found a blossoming altar of Fedhas.
 10503 | D:10     | Noticed a gargoyle
 10512 | D:10     | Killed a gargoyle
 11050 | D:9      | Noticed a red ugly thing
 11061 | D:9      | Killed a red ugly thing
 11061 | D:9      | Reached XP level 11. HP: 45/104 MP: 10/10
 11355 | Lair:1   | Entered Level 1 of the Lair of Beasts
 11692 | Lair:1   | Reached skill level 13 in Fighting
 11834 | Lair:1   | HP: 8/160 [black mamba (4)]
 11835 | Lair:1   | HP: 3/160 [black mamba (6)]
 11836 | Lair:1   | HP: 1/160 [poisoned by a black mamba]
 11837 | Lair:1   | Succumbed to a black mamba's poison

Vault maps used:
D:1:      mrwooster_arrival_arrow, hangedman_decor_diamond_cutter
D:2:      marbit_many_paths, uniq_jessica, uniq_robin
D:3:      nicolae_qazlal_style_of_elements, minmay_misc_feat_enclosed
D:4:      nicolae_overflow_hidden_temple, first_bread, portal_sewer_entry_e,
          enter_ossuary_3
D:5:      minmay_temple_entry_purple_smoke
D:6:      elyvilon_altar_5, gammafunk_temple_overflow_pools
D:8:      kennysheep_mini_moat, kennysheep_little_box, david_lair_shrubbed,
          uniq_erolcha
D:9:      basic_altar, serial_shops,
          nicolae_shop_temple_entry_statues_fountains, uniq_prince_ribbit1
D:10:     serial_shops, shop, hangedman_tree_tricks
D:11:     basic_altar, uniq_nergalle
Lair:1:   serial_bayou_pond_b, nicolae_quartered_pool_super,
          lemuel_centaur_altar, lemuel_fruit_fields, uniq_fannar
Ossuary:  ossuary_zaba_flooded

Action                   |  1- 3 |  4- 6 |  7- 9 | 10-12 || total
-------------------------+-------+-------+-------+-------++-------
Melee: Hand axe          |    72 |   129 |   371 |   111 ||   683
       Executioner's axe |       |       |       |   106 ||   106
Throw: Stone             |    76 |   105 |   174 |   128 ||   483
Invok: Berserk           |     1 |     2 |     2 |     5 ||    10
       Burn Spellbooks   |       |       |       |     1 ||     1
       Brothers in Arms  |       |       |       |     1 ||     1
  Use: Scroll            |       |       |    15 |     2 ||    17
  Eat: Chunk             |     3 |     8 |    12 |     8 ||    31
       Fruit             |       |       |     6 |       ||     6
       Pizza             |       |       |     1 |       ||     1
       Royal jelly       |       |       |       |     1 ||     1
       Bread ration      |       |       |       |     1 ||     1
